Map: Lightshade LE

Players

ViBE - Winner!

  • Race: Zerg Zerg
  • League: Diamond

TTT

  • Race: Terran Terran
  • League: Diamond

VOD

Have the link to the VOD?

Description

Time

  • Played on: April 21, 2021, 11:33 p.m.
  • Length: 19:19
Show
View Real Time Build Order
Export as new Build Order

ViBE Zerg - Winner!

Build Orders: Hatch First 

Get SALT Encoding   

  12  0:00  Drone  
  13  0:13  Overlord  
  13  0:21  Drone  
  14  0:31  Drone x2  
  16  0:36  Drone  
  17  0:55  Hatchery  
  16  0:58  Drone  
  16  1:00  Drone  
  18  1:13  Spawning Pool  
  18  1:14  Extractor  
  18  1:15  Drone  
  17  1:19  Drone  
  18  1:29  Drone  
  19  1:43  Overlord  
  19  2:07  Queen x2  
  23  2:13  Zergling x4  
  23  2:14  Drone  
  23  2:15  Drone  
  27  2:24  Metabolic Boost  
  27  2:25  Drone x2  
  28  2:38  Drone x2  
  30  2:44  Drone  
  30  2:49  Hatchery  
  29  2:54  Drone x2  
  31  3:04  Overlord  
  31  3:05  Drone, Queen  
  32  3:11  Drone x2  
  36  3:23  Overlord  
  36  3:34  Overlord  
  36  3:42  Drone x4  
  36  3:44  Queen  
  42  3:51  Zergling x4  
  44  3:58  Zergling x12  
  44  4:02  Drone  
  51  4:03  Baneling Nest  
  51  4:04  Drone  
  51  4:06  Queen  
  53  4:15  Overlord  
  53  4:26  Overlord  
  53  4:27  Overlord x2  
  53  4:36  Drone x6  
  57  4:49  Baneling x6  
  57  4:50  Drone x8, Queen  
  67  5:00  Drone x6  
  73  5:19  Overlord  
  73  5:20  Overlord  
  73  5:23  Lair  
  73  5:24  Hatchery  
  72  5:30  Overlord x3  
  72  5:36  Queen  
  72  5:39  Drone x4  
  72  5:40  Drone x4  
  82  5:47  Extractor, Baneling  
  82  5:48  Baneling  
  81  5:51  Zergling x12  
  80  6:16  Drone x3  
  80  6:17  Drone x9  
  92  6:23  Extractor x2  
  90  6:26  Hydralisk Den  
  90  6:28  Drone x3, Evolution Chamber  
  90  6:29  Evolution Chamber  
  90  6:31  Extractor x2  
  88  6:32  Hatchery  
  88  6:33  Drone x2  
  88  6:38  Drone x2  
  91  6:50  Drone x5  
  96  6:57  Zergling x14  
  96  6:58  Centrifical Hooks  
  103  7:11  Baneling x10  
  103  7:12  Zergling x2  
  103  7:13  Zergling x14  
  111  7:20  Zergling x2  
  111  7:21  Zergling x4  
  111  7:22  Zerg Ground Armor Level 1  
  114  7:23  Zerg Melee Weapons Level 1  
  114  7:25  Zergling x2  
  108  7:45  Queen x3  
  112  8:02  Drone x4  
  112  8:03  Drone x10  
  126  8:08  Overlord  
  126  8:09  Overlord x4  
  126  8:10  Grooved Spines  
  126  8:12  Infestation Pit  
  125  8:17  Hatchery  
  121  8:24  Zergling x2  
  121  8:25  Zergling x6, Overlord  
  121  8:26  Overlord x4  
  125  8:39  Overseer  
  124  8:46  Zergling x28  
  124  8:47  Zergling x6  
  141  8:48  Baneling  
  141  8:49  Baneling x10  
  141  8:50  Overseer  
  141  8:52  Pneumatized Carapace, Hive  
  141  8:57  Extractor x2  
  139  9:10  Hydralisk x2  
  139  9:11  Hydralisk x9  
  156  9:21  Muscular Augments  
  147  9:43  Drone x3  
  147  9:44  Drone x3  
  149  10:10  Hydralisk x8  
  149  10:11  Zergling x26  
  178  10:15  Ultralisk Cavern, Adrenal Glands  
  178  10:17  Lurker Den  
  176  10:23  Zerg Ground Armor Level 2, Zerg Melee Weapons Level 2  
  176  10:32  Drone x6  
  176  10:33  Hatchery, Zergling x18  
  176  10:34  Zergling x10  
  195  10:39  Overlord x2  
  183  11:34  Adaptive Talons, Chitinous Plating  
  183  11:45  Zergling x2  
  183  11:46  Zergling x32  
  197  12:19  Baneling x6  
  192  12:24  Zergling x16  
  192  12:25  Zergling x8  
  182  12:31  Seismic Spines  
  157  12:47  Ultralisk x2  
  157  12:48  Zergling x24, Ultralisk x4  
  199  12:53  Anabolic Synthesis  
  199  12:55  Extractor  
  199  12:56  Extractor, Spore Crawler  
  199  12:57  Drone x4, Spine Crawler x2  
  199  12:58  Drone  
  199  13:00  Spore Crawler  
  199  13:02  Spine Crawler  
  199  13:03  Zerg Melee Weapons Level 3, Zerg Ground Armor Level 3  
  197  13:10  Spore Crawler  
  197  13:11  Spine Crawler  
  197  13:12  Spine Crawler, Spore Crawler  
  193  13:13  Spine Crawler x2  
  193  13:16  Spore Crawler  
  193  13:17  Spine Crawler  
  193  13:18  Spine Crawler  
  178  13:40  Zergling x42  
  199  14:03  Baneling x14  
  199  14:04  Hatchery, Baneling x4  
  198  14:20  Baneling  
  198  14:21  Baneling x12  
  198  14:22  Baneling x2  
  196  14:35  Drone  
  196  14:36  Drone x3  
  200  14:45  Burrow  
  188  15:10  Zergling x2  
  188  15:11  Zergling x22  
  175  15:39  Lurker x7  
  175  15:40  Lurker  
  183  15:43  Baneling x9  
  183  15:44  Baneling x2  
  183  15:46  Baneling x6  
  178  15:52  Queen  
  175  16:08  Zergling x36  
  175  16:09  Zergling x20  
  197  16:18  Spine Crawler  
  186  16:20  Spine Crawler, Spore Crawler  
  181  16:29  Zergling x24  
  181  16:30  Zergling x12  
  184  16:46  Ultralisk x6  
  193  17:19  Baneling  
  193  17:20  Baneling x14  
  158  18:07  Overseer  
  158  18:08  Overseer x3  
  158  18:12  Drone x10  
  164  18:28  Zergling x22, Ultralisk  
  164  18:29  Zergling x36  
  196  18:59  Hatchery  
Show
View Real Time Build Order
Export as new Build Order

TTT Terran 

Build Orders: Reaper Expand 

Get SALT Encoding   

  12  0:00  SCV  
  13  0:12  SCV  
  14  0:17  Supply Depot  
  14  0:25  SCV  
  15  0:39  Barracks  
  15  0:41  SCV  
  16  0:46  Refinery  
  16  0:53  SCV  
  17  1:05  SCV  
  18  1:17  SCV  
  19  1:29  Reaper  
  19  1:30  Orbital Command  
  20  1:42  Command Center  
  20  1:54  Supply Depot  
  20  1:56  SCV  
  21  2:02  Marine  
  22  2:14  Factory  
  22  2:21  Marine  
  23  2:23  Refinery  
  23  2:45  Barracks Reactor  
  23  2:54  Orbital Command  
  23  2:59  Barracks, Hellion  
  23  3:01  Barracks  
  25  3:21  Hellion, Marine  
  25  3:22  Marine  
  25  3:23  SCV  
  30  3:38  Starport, SCV  
  31  3:43  Marine x2  
  31  3:44  Hellion  
  31  3:47  Barracks Tech Lab  
  31  3:48  Barracks Reactor  
  35  3:50  SCV  
  35  3:52  Orbital Command  
  36  4:01  Supply Depot  
  36  4:03  Marine x2  
  36  4:06  Hellion  
  40  4:15  Medivac  
  42  4:17  Armory  
  42  4:18  SCV  
  42  4:21  Stimpack  
  42  4:23  Supply Depot  
  43  4:25  SCV  
  44  4:32  SCV  
  45  4:40  SCV  
  45  4:41  Marine x4  
  45  4:43  Factory Reactor  
  45  4:44  SCV  
  51  4:52  SCV  
  52  5:06  SCV x2  
  54  5:07  Marine x2  
  54  5:08  Supply Depot  
  54  5:10  Supply Depot  
  54  5:12  Supply Depot  
  54  5:14  Starport Reactor, Engineering Bay  
  56  5:27  Widow Mine x2  
  60  5:34  SCV x2  
  62  5:36  Engineering Bay x2  
  62  5:43  Terran Infantry Weapons Level 1  
  62  5:46  SCV x2  
  64  6:00  Combat Shield  
  54  6:10  Marine x5  
  54  6:11  Liberator x2  
  59  6:14  Widow Mine  
  59  6:18  SCV x2  
  56  6:21  Refinery  
  56  6:22  Refinery  
  56  6:27  Barracks  
  56  6:28  Marine x2  
  58  6:34  Marine x3  
  58  6:39  SCV  
  63  6:40  SCV  
  63  6:45  Marine  
  63  6:46  Marine  
  65  6:50  Terran Infantry Armor Level 1  
  65  6:51  Sensor Tower  
  65  6:52  Marine x3  
  68  7:05  SCV x2  
  68  7:07  Marine x2  
  72  7:09  Marine  
  73  7:21  Marine  
  74  7:39  Hellbat  
  74  7:40  Hellbat  
  72  7:56  Marine x3  
  72  8:02  Marine x2  
  72  8:03  SCV  
  72  8:04  SCV  
  73  8:07  Liberator x2  
  73  8:11  Barracks Tech Lab, Concussive Shells  
  79  8:13  Barracks, Marine  
  79  8:14  Barracks, Marine x2  
  79  8:16  SCV x2, Terran Infantry Weapons Level 2  
  79  8:17  Starport  
  81  8:20  Marine x2  
  83  8:28  SCV x2  
  83  8:31  Marine  
  83  8:32  Factory  
  86  8:54  Command Center  
  86  9:00  Starport Reactor  
  86  9:02  Supply Depot  
  86  9:03  Supply Depot  
  86  9:16  Marine  
  86  9:17  SCV x2, Marine  
  86  9:21  Marine  
  86  9:22  Widow Mine x2  
  68  9:25  Factory Tech Lab  
  68  9:29  SCV  
  68  9:30  Marine x2  
  68  9:31  Marine  
  72  9:38  Marine x2  
  69  9:39  Marine  
  69  9:42  Medivac x2  
  69  9:43  Medivac x2  
  77  9:48  Widow Mine  
  77  9:52  SCV  
  78  10:03  Barracks Reactor, Barracks Tech Lab, Bunker  
  78  10:04  Siege Tank  
  78  10:05  Bunker  
  81  10:09  Widow Mine, Drilling Claws  
  81  10:12  SCV  
  84  10:19  SCV  
  85  10:23  Sensor Tower  
  85  10:25  Planetary Fortress  
  85  10:27  Marine  
  86  10:43  Siege Tank  
  86  10:44  Widow Mine x2  
  93  11:01  Supply Depot  
  93  11:03  Marauder x3, Marine, Supply Depot  
  93  11:04  Marine x3  
  101  11:05  Widow Mine x2  
  107  11:15  Siege Tank  
  107  11:16  SCV x3, Marine  
  107  11:17  Marine  
  115  11:24  Marauder  
  115  11:28  Missile Turret  
  115  11:30  Supply Depot  
  115  11:33  Command Center  
  115  11:35  Marine x3  
  115  11:36  Marauder x2  
  122  11:46  Marauder  
  124  11:55  Marine x4  
  124  11:56  Marine x2  
  124  11:57  Widow Mine x2, Marine, Siege Tank  
  138  12:07  Marine x2  
  140  12:13  Marine  
  124  12:35  Siege Tank  
  115  12:39  Marine x3  
  115  12:43  Terran Infantry Armor Level 2  
  117  12:45  Marine x3  
  117  12:51  Refinery x2  
  117  13:04  Supply Depot  
  117  13:08  Supply Depot, Terran Vehicle Weapons Level 1  
  117  13:09  Supply Depot  
  117  13:10  Supply Depot  
  117  13:15  Supply Depot  
  117  13:16  Supply Depot  
  117  13:17  Supply Depot  
  117  13:25  Marine  
  117  13:29  Marine x6  
  110  13:36  Marine x2  
  110  13:37  Cyclone  
  110  13:38  Widow Mine x2  
  119  13:44  SCV  
  119  13:45  SCV x2  
  119  13:48  Marauder x2  
  126  13:56  SCV  
  126  13:59  Marine x2  
  126  14:00  Marine x2  
  126  14:01  Widow Mine x2  
  135  14:03  SCV x2  
  135  14:09  Siege Tank  
  140  14:28  Marauder x3, Marine x2  
  148  14:47  Marine  
  148  14:48  Marine x3  
  148  14:49  Marauder  
  149  14:56  Marine x2  
  123  15:08  Marine  
  123  15:09  Marine x3  
  125  15:30  Marine x3  
  125  15:31  Marine x2  
  119  15:36  Siege Tank  
  119  15:37  Widow Mine x2  
  117  15:51  Orbital Command  
  114  16:00  Marauder x3, Marine  
  117  16:06  Marine  
  117  16:08  Siege Tank  
  117  16:09  SCV  
  117  16:10  SCV  
  113  16:21  SCV, Marauder x2  
  113  16:22  SCV, Marauder  
  96  16:31  Marine  
  96  16:32  Marine x4  
  93  16:33  SCV  
  93  16:34  SCV  
  88  16:59  Marine x2  
  88  17:00  Marine x3  
  88  17:01  Marauder x3  
  99  17:02  Medivac  
  99  17:05  SCV  
  99  17:06  SCV  
  103  17:13  Marine  
  104  17:17  Marine  
  104  17:22  Marauder  
  88  17:32  Medivac x4  
  90  17:47  Orbital Command  
  81  18:06  Marauder x3, Marine  
  81  18:08  SCV x2  
  90  18:17  Marine x2  
  92  18:20  SCV x2  
  94  18:27  Marauder x3  
  94  18:29  Marine x2  
  94  18:33  Refinery  
  100  18:35  Refinery  
  89  18:48  Marauder  
Tags
 
Add a new tag
Caveats
  • Supply blocks, unpowered buildings, or Contaminate may cause inaccurate times.
  • Supply counts are checked every 10 seconds.